 Dungeon Crawl Stone Soup version 0.18-a0-1800-gdc7a371 (webtiles) character file.

96 varam the Sneak (level 4, -4/21 HPs)
             Began as a Spriggan Enchanter on Apr 24, 2016.
             Was an Initiate of Gozag.
             Killed from afar by an orc wizard (9 damage)
             ... with a magic dart
             ... on level 3 of the Dungeon.
             The game lasted 00:06:44 (3032 turns).

varam the Sneak (Spriggan Enchanter)                Turns: 3032, Time: 00:06:45

Health: -4/21      AC:  3    Str:  4    XL:     4   Next: 41%
Magic:  3/9        EV: 18    Int: 16    God:    Gozag
Gold:   223        SH:  0    Dex: 17    Spells: 3 memorised, 2 levels left

rFire  . . .     SeeInvis +     a - +1 dagger
rCold  . . .     Gourm    .     b - +1 robe
rNeg   . . .     Faith    .     (shield restricted)
rPois  .         Spirit   .     (helmet restricted)
rElec  .         Dismiss  .     (no cloak)
rCorr  .         Reflect  .     (gloves unavailable)
SustAt .         Harm     .     (boots unavailable)
MR     .....                    (no amulet)
Stlth  ++++......               (no ring)
                                (no ring)

@: lethally poisoned (-4 -> -8), very slightly contaminated, very quick, not
resistant to hostile enchantments, stealthy
A: unfitting armour, see invisible, herbivore 3, speed 3, slow metabolism 2
a: Potion Petition, Call Merchant, Bribe Branch, Renounce Religion


You were on level 3 of the Dungeon.
You worshipped Gozag.
Gozag was noncommittal.
You were full.

You visited 1 branch of the dungeon, and saw 3 of its levels.

You collected 223 gold pieces.

Inventory:

Hand Weapons
 a - a +1 dagger (weapon)
Armour
 b - a +1 robe (worn)
Scrolls
 e - 2 scrolls of enchant weapon {unknown}
 f - a scroll of blinking {unknown}
 g - 2 scrolls of identify {unknown}
 j - 2 scrolls of random uselessness {unknown}
 l - a scroll of remove curse {unknown}
 m - a scroll of amnesia {unknown}
Potions
 h - 2 potions of heal wounds {unknown}
 i - a potion of might {unknown}
 k - 2 potions of mutation {unknown}
 n - a potion of agility {unknown}
 o - a potion of curing {unknown}
Books
 c - a book of Maledictions

   Spells                             Type                      Level
   a - Corona                         Hexes                        1
   b - Ensorcelled Hibernation        Hexes/Ice                    2
   c - Confuse                        Hexes                        3
   d - Tukima's Dance                 Hexes                        3
   e - Dazzling Spray                 Conjuration/Hexes            3
Comestibles
 d - a bread ration


   Skills:
 + Level 3.1 Short Blades
 - Level 3.0 Dodging
 + Level 6.7 Stealth
 - Level 2.6 Spellcasting
 - Level 3.6 Hexes


You had 2 spell levels left.
You knew the following spells:

 Your Spells              Type           Power        Failure   Level  Hunger
a - Ensorcelled Hibernat  Hex/Ice        #.....       17%         2    ##.....
b - Corona                Hex            ##.....      6%          1    #......
c - Confuse               Hex            ##......     14%         3    ###....


Dungeon Overview and Level Annotations

Branches:
Dungeon (3/15)

Altars:
Gozag
Pakellas
Trog

Annotations:
D:3 Yehuk's ghost, amateur HOFi


Innate Abilities, Weirdness & Mutations

You are tiny and cannot use many weapons and most armour.
You have supernaturally acute eyesight.
You are a herbivore.
You cover ground extremely quickly.
You need consume almost no food.


Message History

You don't have enough magic to cast that spell.
Unknown command.
You hit the orc wizard but do no damage.
You feel sick.
You closely miss the orc wizard.
The orc wizard points at you and mumbles some strange words.
The puff of flame hits you!
The orc wizard mumbles some strange words.
The orc wizard seems to speed up.
You feel sick.
The orc wizard points at you and mumbles some strange words.
The puff of frost hits you!
* * * LOW HITPOINT WARNING * * *
You feel sick.
You open the door.
You feel sick.
There is an open door here.
The orc wizard gestures at you while chanting.
The magic dart hits you!
You die...
Your body crumbles into a pile of gold.

#>.........(......'
#..[.........)....#
######..%........#......
#............................
#............##########......
#............##########......
#............##...........##.
#............##...........##.
#...........@'..o.........###
#............##...........# #
#............##...........# #
#.............#..........[# #
#.............#...........# #
#........<....#...........# #
#.............#...........# #
#######+#+##............###
#...............#


You could see an orc wizard.

Vanquished Creatures
  3 adders (D:3)
  2 oozes
  A dart slug (D:1)
  6 giant geckos
  2 orcs
  5 giant cockroaches
  3 goblins
  5 hobgoblins
  A jackal (D:1)
  A quokka (D:2)
  5 bats
  3 giant newts
  6 kobolds
  9 rats
52 creatures vanquished.

Vanquished Creatures (others)
  A lightning spire (D:3)
  A bush (D:3)
2 creatures vanquished.

Grand Total: 54 creatures vanquished

Notes
Turn   | Place    | Note
--------------------------------------------------------------
     0 | D:1      | varam the Spriggan Enchanter began the quest for the Orb.
     0 | D:1      | Reached XP level 1. HP: 9/9 MP: 5/5
   290 | D:1      | Reached skill level 5 in Stealth
   290 | D:1      | Reached XP level 2. HP: 13/13 MP: 6/6
   558 | D:1      | Reached XP level 3. HP: 14/16 MP: 8/8
   671 | D:1      | Learned a level 2 spell: Ensorcelled Hibernation
   675 | D:1      | Learned a level 3 spell: Confuse
  1171 | D:1      | You fall through a shaft!
  1171 | D:2      | Found a bloodstained altar of Trog.
  1731 | D:2      | Found a faded altar to an unknown god.
  1739 | D:2      | Became a worshipper of Gozag Ym Sagoz the Greedy
  2379 | D:2      | Reached skill level 6 in Stealth
  2849 | D:3      | Reached XP level 4. HP: 21/21 MP: 4/9
  2954 | D:3      | Found an oddly glowing altar of Pakellas.
  2958 | D:3      | Noticed a cyclops
  2971 | D:3      | Noticed Yehuk's ghost (amateur HOFi)
  3032 | D:3      | Killed from afar by an orc wizard

Vault maps used:
D:1:      shiori_arrival_maze
D:2:      ecumenical_altar_1, trog_butcher_becter
D:3:      gammafunk_pakellas_spire_experiment, overflow_temple_1_default,
          first_bread

Skill      XL: |  1  2  3  4 |
---------------+-------------+-----
Stealth        | 5 6 |  6.7
Short Blades   | 2 3 |  3.1
Dodging        | |  3.0
Spellcasting   | |  2.6
Hexes          | |  3.6

Action                   |  1- 3 |  4- 6 || total
-------------------------+-------+-------++-------
Melee: Dagger            |   137 |    12 ||   149
 Cast: Corona            |    17 |       ||    17
       Ensorcelled Hiber |    16 |     4 ||    20
       Confuse           |       |     1 ||     1
 Stab: Sleeping          |    26 |     7 ||    33
       Distracted        |       |     1 ||     1
  Eat: Bread ration      |     1 |       ||     1
Armor: Robe              |    10 |       ||    10
Dodge: Dodged            |    95 |     2 ||    97
